 Dungeon Crawl Stone Soup version 0.28-a0-43-g560ac104fe (webtiles) character file.

Game seed: 8047969594843049131

5 IndexError the Caller (level 1, 0/13 HPs)
             Began as a Gnoll Summoner on July 28, 2021.
             Slain by a quokka (3 damage)
             ... on level 1 of the Dungeon.
             The game lasted 00:00:38 (227 turns).

IndexError the Caller (Gnoll Summoner)               Turns: 227, Time: 00:00:39

Health: 0/13       AC:  2    Str:  7    XL:     1   Next: 80%
Magic:  6/6        EV: 13    Int: 14    God:
Gold:   0          SH:  0    Dex: 12    Spells: 8/9 levels left

rFire   . . .      SeeInvis .   b - +0 short sword
rCold   . . .      Faith    .   (no shield)
rNeg    . . .      Spirit   .   a - +0 robe
rPois   .          Reflect  .   (no helmet)
rElec   .          Harm     .   (no cloak)
rCorr   .          Rampage  .   (no gloves)
Will    .....                   (no boots)
Stlth   ++........              c - amulet of magic regeneration
HPRegen 0.04/turn               (no ring)
MPRegen 0.35/turn               (no ring)

@: no status effects
A: fangs 1, strong nose, distributed training
a: no special abilities


You were on level 1 of the Dungeon.
You visited 1 branch of the dungeon, and saw 1 of its levels.

Inventory:

Hand Weapons
 b - a +0 short sword (weapon)
   (You found it on level 1 of the Dungeon)
Armour
 a - a +0 robe (worn)
Jewellery
 c - an amulet of magic regeneration (around neck)
   (You found it on level 1 of the Dungeon)


   Skills:
 + Level 0.1 Fighting
 + Level 0.1 Short Blades
 + Level 0.1 Long Blades
 + Level 0.1 Axes
 + Level 0.1 Maces & Flails
 + Level 0.1 Polearms
 + Level 0.1 Staves
 + Level 0.1 Slings
 + Level 0.1 Bows
 + Level 0.1 Crossbows
 + Level 0.1 Throwing
 + Level 0.1 Armour
 + Level 4.4 Dodging
 + Level 4.0 Stealth
 + Level 0.1 Shields
 + Level 0.1 Unarmed Combat
 + Level 4.9 Spellcasting
 + Level 0.1 Conjurations
 + Level 0.1 Hexes
 + Level 7.0 Summonings
 + Level 0.1 Necromancy
 + Level 0.1 Translocations
 + Level 0.1 Transmutations
 + Level 0.1 Fire Magic
 + Level 0.1 Ice Magic
 + Level 0.1 Air Magic
 + Level 0.1 Earth Magic
 + Level 0.1 Poison Magic
 + Level 0.2 Invocations
 + Level 0.1 Evocations


You had 8 spell levels left.
You knew the following spells:

 Your Spells              Type           Power      Damage    Failure   Level
a - Summon Small Mammal   Summ           92%        N/A       1%          1

Your spell library contained the following spells:

 Spells                   Type           Power      Damage    Failure   Level
 Call Imp                 Summ           23%        N/A       1%          2
 Call Canine Familiar     Summ           23%        N/A       3%          3
 Summon Guardian Golem    Hex/Summ       13%        N/A       12%         3
 Summon Lightning Spire   Summ/Air       13%        N/A       38%         4


Dungeon Overview and Level Annotations

Branches:
Dungeon (1/15)

Altars:


Innate Abilities, Weirdness & Mutations

You have very sharp teeth.
Your uncanny sense of smell can sniff out nearby items.
Your experience applies equally to all skills.


Message History

Your quokka bites the jackal but does no damage.
You take 1 damage, and have 9/13 hp.
You closely miss the jackal. The jackal bites you.
The jackal barely misses you.
A hobgoblin comes into view.
Your quokka misses the jackal.
An endoplasm comes into view.
The jackal misses you.
You take 2 damage, and have 7/13 hp.
You are too injured to fight recklessly!
The jackal closely misses you.
Your quokka closely misses the jackal.
The jackal closely misses you.
Your quokka bites the jackal.
Casting: Summon Small Mammal (safe; 1% risk of failure)
Confirm with . or Enter, or press ? or * to list all spells.
The jackal misses you. The jackal closely misses you.
You now have 5/6 mp.
Casting: Summon Small Mammal (safe; 1% risk of failure)
Confirm with . or Enter, or press ? or * to list all spells.
The jackal completely misses you.
The hobgoblin closely misses your quokka.
You now have 4/6 mp.
You swap places.
The jackal barely misses your quokka. The hobgoblin misses your quokka.
Your quokka bites the jackal.
Your quokka closely misses the jackal.
The jackal bites your quokka but does no damage.
Your quokka bites the jackal but does no damage.
Your quokka barely misses the jackal.
The hobgoblin completely misses your quokka.
The jackal bites your quokka but does no damage.
Your quokka bites the jackal.
Your quokka barely misses the jackal.
The jackal closely misses your quokka.
Your quokka completely misses the jackal.
Your quokka bites the jackal but does no damage.
The endoplasm hits your quokka.
The hobgoblin hits your quokka but does no damage.
The jackal misses your quokka.
Your quokka barely misses the jackal. x2
Your quokka barely misses the endoplasm.
The hobgoblin barely misses your quokka.
The endoplasm hits your quokka but does no damage.
The jackal misses your quokka.
Your quokka bites the jackal.
Your quokka bites the endoplasm.
MP restored: 6 Your quokka bites the endoplasm.
Your quokka bites the hobgoblin but does no damage.
Your quokka bites the hobgoblin.
The hobgoblin hits your quokka.
Your quokka's corpse disappears in a puff of smoke!
Your quokka bites the hobgoblin.
A rat is nearby!
A rat is nearby!
You closely miss the rat. The rat bites you.
You take 1 damage, and have 7/13 hp.
You are too injured to fight recklessly!
You are too injured to fight recklessly!
You hit the rat but do no damage.
Your quokka bites the rat.
The rat completely misses your quokka.
Your quokka bites the rat.
There is an open door here.
You see here a rat corpse.
Your quokka disappears in a puff of smoke!
A bat comes into view.
A bat is nearby!
The bat closely misses you. The bat barely misses you. x2
The bat misses you.
You barely miss the bat. The bat closely misses you.
You hit the bat.
Your quokka disappears in a puff of smoke!
No target in view!
No target in view!
HP restored.
You see here a jackal corpse.
A quokka comes into view.
Health restored: 13 You hit the quokka.
Your bite misses the quokka. The quokka bites you.
You take 5 damage, and have 8/13 hp.
MASSIVE DAMAGE!!
You barely miss the quokka. The quokka closely misses you.
The quokka misses you.
You miss the quokka. The quokka closely misses you.
You miss the quokka. The quokka closely misses you.
You closely miss the quokka. The quokka closely misses you.
The quokka barely misses you.
You hit the quokka. The quokka barely misses you.
You hit the quokka. The quokka completely misses you.
You hit the quokka but do no damage. The quokka bites you.
The quokka barely misses you.
You take 2 damage, and have 6/13 hp.
You barely miss the quokka. The quokka barely misses you.
You barely miss the quokka. The quokka closely misses you.
You hit the quokka. The quokka completely misses you.
The quokka barely misses you.
You hit the quokka but do no damage. The quokka completely misses you.
You miss the quokka. The quokka misses you.
You barely miss the quokka. The quokka barely misses you.
The quokka bites you but does no damage.
You hit the quokka but do no damage. The quokka bites you.
* * * LOW HITPOINT WARNING * * *
You take 4 damage, and have 3/13 hp.
MASSIVE DAMAGE!!
You miss the quokka. The quokka bites you.
You die...

###### #.....###
........### ∆
.......r..###..
.......@.......
#######....#...
#.#### #.# #
######.#### .#
...........# .#
#######.#..##.####
.............>..
.#.##.#.....#.#


You could see a quokka.

Vanquished Creatures
  A bat (D:1)
  A goblin (D:1)
2 creatures vanquished.

Vanquished Creatures (collateral kills)
  An endoplasm (D:1)
  A hobgoblin (D:1)
  2 jackals (D:1)
  A rat (D:1)
5 creatures vanquished.

Grand Total: 7 creatures vanquished

Notes
Turn   | Place    | Note
-------+----------+-------------------------------------------
     0 | D:1      | IndexError the Gnoll Summoner began the quest for the Orb.
     0 | D:1      | Reached XP level 1. HP: 13/13 MP: 6/6
   226 | D:1      | HP: 3/13 [quokka (4)]
   227 | D:1      | Slain by a quokka

Illustrated notes

Levels and vault maps discovered:
D:1:      scummos_arrival_simple_crosswalls, layout_basic,
          hellmonk_ecumenical_altar_zigzags, minivault_23

Action                   || total
-------------------------++-------
Melee: Short sword       ||    23
       Bite              ||     1
 Cast: Summon Small Mamm ||     3
Armor: Robe              ||     1
Dodge: Dodged            ||    28

Table legend: (Time is in decaauts)
 A = Elapsed time spent in this place.
 B = Non-inter-level travel time spent in this place.
 C = Inter-level travel time spent in this place.
 D = Time resting spent in this place.
 E = Time spent auto-exploring this place.
 F = Levels seen in this place.
 G = Mean time per level.
                   A        B        C        D        E       F      G
               +--------+--------+--------+--------+--------+-----+--------+
         Total |    228 |    228 |      0 |      0 |    164 |   1 |  228.0 |
       Dungeon |    228 |    228 |      0 |      0 |    164 |   1 |  228.0 |
               +--------+--------+--------+--------+--------+-----+--------+

Top non-repeatable levels by time:
     D:1: 228 daAuts

Table legend:
 A = Kills in this place as a percentage of kills in entire the game.
 B = Kills by you in this place as a percentage of kills by you in the entire game.
 C = Kills by friends in this place as a percentage of kills by friends in the entire game.
 D = Other kills in this place as a percentage of other kills in the entire game.
 E = Experience gained in this place as a percentage of experience gained in the entire game.
 F = Experience gained in this place divided by the number of levels of this place that you have seen.
                   A       B       C       D       E      F
               +-------+-------+-------+-------+-------+----------------------
         Total | 100.0 | 100.0 | 100.0 |   N/A | 100.0 |   8.0
       Dungeon | 100.0 | 100.0 | 100.0 |   N/A | 100.0 |   8.0
               +-------+-------+-------+-------+-------+----------------------
